Map: Romanticide LE

Players

Astrea - Winner!

  • Race: Protoss Protoss
  • League: Master

DisK

  • Race: Protoss Protoss

Event: DreamHack SC2 Masters 2021 Summer

VOD

Have the link to the VOD?

Description

Time

  • Played on: May 25, 2021, 4:15 p.m.
  • Length: 6:59

All games in this series

Show
View Real Time Build Order
Export as new Build Order

Astrea Protoss - Winner!

Build Orders: Phoenix Opening 

Get SALT Encoding   

  12  0:00  Probe  
  13  0:12  Probe  
  14  0:17  Pylon  
  14  0:24  Probe (Chrono Boost)  
  15  0:36  Probe (Chrono Boost)  
  15  0:37  Gateway  
  16  0:44  Probe (Chrono Boost)  
  16  0:45  Assimilator  
  17  0:51  Probe  
  17  0:54  Assimilator  
  18  1:03  Probe (Chrono Boost)  
  19  1:07  Gateway  
  19  1:12  Probe (Chrono Boost)  
  19  1:17  Probe (Chrono Boost)  
  20  1:24  Cybernetics Core  
  21  1:29  Probe  
  22  1:34  Pylon  
  22  1:41  Probe  
  23  1:53  Probe  
  24  2:01  Stalker  
  24  2:02  Stalker, Warp Gate  
  24  2:05  Probe  
  29  2:17  Probe, Pylon  
  30  2:26  Stargate  
  30  2:31  Pylon  
  30  2:55  Stalker x2  
  34  3:10  Nexus  
  34  3:18  Shield Battery  
  34  3:20  Phoenix (Chrono Boost)  
  36  3:27  Probe  
  37  3:36  Phoenix  
  39  3:42  Pylon  
  39  4:00  Probe, Pylon  
  40  4:03  Phoenix (Chrono Boost)  
  40  4:04  Stalker  
  40  4:07  Stalker  
  46  4:18  Probe  
  45  4:27  Phoenix (Chrono Boost)  
  48  4:33  Stalker  
  48  4:36  Stalker  
  50  4:43  Probe  
  52  4:48  Phoenix (Chrono Boost)  
  53  4:55  Probe  
  53  4:57  Probe  
  55  5:04  Phoenix (Chrono Boost)  
  57  5:12  Probe  
  58  5:15  Probe  
  59  5:24  Probe  
  59  5:27  Probe  
  59  5:28  Phoenix (Chrono Boost)  
  59  5:33  Pylon  
  61  5:36  Probe  
  62  5:43  Robotics Facility  
  62  5:51  Probe x2  
  60  6:03  Probe x2  
  58  6:06  Stalker  
  58  6:07  Stalker  
  60  6:15  Probe x2  
  58  6:20  Phoenix  
  58  6:25  Nexus  
  60  6:27  Probe  
  61  6:34  Shield Battery  
  61  6:35  Observer (Chrono Boost)  
  61  6:37  Probe, Pylon  
  61  6:39  Pylon  
  63  6:43  Probe  
  63  6:46  Assimilator  
Show
View Real Time Build Order
Export as new Build Order

DisK Protoss 

Build Orders: Oracle Opening 

Get SALT Encoding   

  12  0:00  Probe  
  13  0:12  Probe  
  14  0:16  Pylon  
  14  0:24  Probe  
  15  0:35  Gateway  
  15  0:36  Probe (Chrono Boost)  
  16  0:46  Probe (Chrono Boost), Assimilator  
  17  0:51  Probe (Chrono Boost)  
  17  0:54  Assimilator  
  18  1:03  Probe (Chrono Boost)  
  19  1:09  Gateway  
  19  1:14  Probe (Chrono Boost)  
  20  1:18  Probe (Chrono Boost)  
  20  1:24  Cybernetics Core  
  21  1:29  Probe  
  22  1:37  Pylon  
  22  1:41  Probe  
  23  1:55  Probe  
  23  2:02  Pylon  
  23  2:03  Adept x2  
  23  2:04  Warp Gate  
  27  2:11  Probe  
  27  2:15  Pylon  
  28  2:25  Stargate  
  28  2:29  Probe  
  29  2:41  Adept  
  29  2:42  Adept  
  33  2:56  Pylon  
  32  3:05  Oracle (Chrono Boost)  
  35  3:25  Nexus  
  35  3:33  Shield Battery  
  35  3:43  Robotics Facility  
  35  3:48  Probe  
  36  3:55  Pylon  
  36  3:57  Sentry  
  36  4:00  Probe  
  39  4:16  Probe  
  40  4:17  Stalker  
  40  4:23  Phoenix  
  38  4:26  Stalker  
  38  4:28  Probe (Chrono Boost)  
  36  4:33  Observer  
  36  4:38  Probe (Chrono Boost)  
  37  4:40  Probe (Chrono Boost), Twilight Council  
  37  4:44  Stalker  
  40  4:46  Probe (Chrono Boost)  
  40  4:51  Stalker  
  42  4:53  Probe  
  42  4:54  Probe  
  44  5:04  Gateway  
  44  5:05  Probe  
  45  5:10  Stalker  
  45  5:16  Stalker  
  41  5:29  Probe x2  
  41  5:33  Stalker  
  45  5:41  Probe  
  46  5:45  Stalker  
  46  5:47  Assimilator  
  46  5:49  Gateway  
  42  5:57  Stalker  
  42  5:58  Observer  
  42  6:00  Probe (Chrono Boost)  
  34  6:06  Stalker  
  34  6:08  Probe (Chrono Boost)  
  33  6:18  Probe (Chrono Boost)  
  33  6:19  Probe (Chrono Boost)  
  33  6:23  Stalker  
  35  6:27  Probe  
  35  6:28  Probe  
  35  6:32  Stalker  
  37  6:43  Stalker x2  
Tags
 
Add a new tag
Caveats
  • Supply blocks, unpowered buildings, or Contaminate may cause inaccurate times.
  • Supply counts are checked every 10 seconds.